 Yiufcrawl Soup (a DCSS fork) version 1.5.2b1-yiuf-19-g91104ff (webtiles) character file.

4853 MarkovLaser the Severer (level 10, -16/70 HPs)
             Began as a Lava Orc Fighter on Aug 5, 2017.
             Was a High Priest of Cheibriados.
             Demolished by a two-headed ogre
             ... wielding a +0 giant club
              (26 damage)
             ... on level 9 of the Dungeon.
             The game lasted 00:30:29 (8728 turns).

MarkovLaser the Severer (Lava Orc Fighter)          Turns: 8728, Time: 00:30:29

Health: -16/70     AC: 10    Str: 32    XL:     10   Next: 25%
Magic:  6/15       EV:  7    Int: 21    God:    Cheibriados [*****.]
Gold:   466        SH: 12    Dex: 21    Spells: 9/9 levels left

rFire    + + .     SeeInvis +   a - +0 war axe
rCold    . . .     Gourm    .   c - +0 shield
rNeg     . . .     Faith    .   b - +0 scale mail
rPois    .         Spirit   .   (no helmet)
rElec    .         Reflect  .   z - +1 cloak {Stlth+}
rCorr    .         Harm     .   k - +0 pair of gloves
MR       .....                  (no boots)
Stlth    +.........             j - amulet of regeneration
Regen    0.7/turn               h - ring of see invisible
MPRegen  0.2/turn               (no ring)

@: very slow
A: temperature effects, low MR
a: Bend Time, Temporal Distortion, Slouch, Step From Time, Renounce Religion


You were on level 9 of the Dungeon.
You worshipped Cheibriados.
Cheibriados was extremely pleased with you.
You were not hungry.

You visited 1 branch of the dungeon, and saw 9 of its levels.
You also visited: Ossuary.

You collected 466 gold pieces.

Inventory:

Hand Weapons
 a - a +0 war axe (weapon)
Armour
 b - a +0 scale mail (worn)
 c - a +0 shield (worn)
 k - a +0 pair of gloves (worn)
 z - a +1 cloak of stealth (worn)
Jewellery
 h - a ring of see invisible (left hand)
 j - an amulet of regeneration (around neck)
 u - an uncursed amulet of the gourmand {unknown}
Wands
 g - a wand of iceblast (3/15)
 q - a wand of confusion (29/48)
 w - a wand of acid (11/15)
 x - a wand of flame (17/48)
 A - a wand of polymorph (11/24)
 B - a wand of polymorph (8/24)
 E - a wand of flame (10/48)
 G - a wand of polymorph (7/24)
Scrolls
 d - 4 scrolls of recharging
 e - 3 scrolls of fog
 i - 5 scrolls of teleportation
 p - a scroll of fear {unknown}
 s - 3 scrolls of amnesia
 y - a scroll of identify
 F - a scroll of enchant weapon
 I - a scroll of acquirement {unknown}
Potions
 l - a potion of resistance
 m - 3 potions of cancellation
 n - 3 potions of haste
 o - a potion of agility
 r - a potion of heal wounds {unknown}
 v - 5 potions of curing
 H - a potion of lignification {unknown}
Comestibles
 f - 3 bread rations
 t - 6 royal jellies
 C - a meat ration
 D - 2 chunks of flesh


   Skills:
 - Level 3.0 Fighting
 + Level 15.3 Axes
 - Level 3.6 Armour
 - Level 3.2 Shields
 + Level 7.4 Invocations


You had 9 spell levels left.
You didn't know any spells.

Dungeon Overview and Level Annotations

Branches:
Dungeon (9/15)             Temple (0/1) D:4            Lair (0/6) D:8
    Orc: D:9-12

Altars:
Cheibriados
Elyvilon
Fedhas
Hepliaklqana
Kikubaaqudgha
Okawaru
Qazlal
Sif Muna
Trog
Vehumet

Shops:
D:4 *%%=   D:5 *   D:7 *


Message History

Aim: a two-headed ogre, wielding a giant club and a giant spiked club (chance to defeat MR: 28%)
The two-headed ogre easily resists.
Evoking this partially-identified wand wasted a few charges.
You block the two-headed ogre's attack.
The two-headed ogre hits you with a giant spiked club!
* * * LOW HITPOINT WARNING * * *
Evoke which item? (* to show all) (? for menu, Esc to quit)
Aiming: Confuse (will waste charges)
Press: ? - help, Shift-Dir - straight line, f/p - two-headed ogre
Aim: a two-headed ogre, wielding a giant club and a giant spiked club (chance to defeat MR: 28%)
The two-headed ogre easily resists.
Evoking this partially-identified wand wasted a few charges.
Evoke which item? (* to show all) (? for menu, Esc to quit)
Aiming: Confuse (will waste charges)
Press: ? - help, Shift-Dir - straight line, f/p - two-headed ogre
Aim: a two-headed ogre, wielding a giant club and a giant spiked club (chance to defeat MR: 28%)
The two-headed ogre easily resists.
Evoking this partially-identified wand wasted a few charges.
The two-headed ogre hits you with a giant club!!
You die...

#............#..#........
#............##.#........
#.....O......##.'........
#...?........####........
#............# #........
#............# #........
##########'### #........
###O.# ######### #.@.## #
#)### # #...>..# ##
#......# ##. #......#
##.. #.....)# #######..#
#....... ..........
#......## ######.##
#......# ##.#


You could see a two-headed ogre.

Vanquished Creatures
  Psyche (D:9)
  The ghost of ereinion the Ducker, a novice NLWn of Okawaru (Ossuary)
  Sigmund (D:4)
  2 porcupines (D:8)
  An orc warrior (D:8)
  A sky beast (D:6)
  2 black bears (D:8)
  3 wolves (D:8)
  6 ogres
  3 centaurs
  3 crocodiles (D:8)
  3 big kobolds
  An elf zombie (Ossuary)
  3 bullfrogs (D:6)
  A water moccasin skeleton (D:4)
  4 wights (D:9)
  3 howler monkeys
  5 crimson imps
  A bullfrog zombie (D:8)
  4 centaur zombies
  3 hounds
  2 centaur skeletons
  5 orc priests
  7 iguanas
  Jessica (D:2)
  5 orc wizards
  7 worker ants
  A killer bee zombie (D:6)
  2 big kobold zombies (Ossuary)
  A hound skeleton (D:5)
  2 mummies (Ossuary)
  A worker ant zombie (D:6)
  12 adders
  An ooze (D:3)
  An adder skeleton (D:7)
  3 adder zombies
  2 worms (D:2)
  A dart slug (D:2)
  3 leopard geckos
  31 orcs
  6 bats
  3 giant cockroaches
  5 goblins
  11 hobgoblins
  6 jackals
  5 quokkas
  2 ball pythons
  4 frilled lizards (D:1)
  7 hobgoblin zombies (Ossuary)
  A jackal skeleton (D:6)
  A jackal zombie (Ossuary)
  22 kobolds
  12 kobold zombies (Ossuary)
  8 orc zombies (Ossuary)
  5 rats
  A rat zombie (Ossuary)
239 creatures vanquished.

Vanquished Creatures (others)
  A wizard (D:6)
  A plant (D:8)
  4 toadstools (D:1)
6 creatures vanquished.

Grand Total: 245 creatures vanquished

Notes
Turn   | Place    | Note
-------+----------+-------------------------------------------
     0 | D:1      | MarkovLaser the Lava Orc Fighter began the quest for the Orb.
     0 | D:1      | Reached XP level 1. HP: 18/18 MP: 1/1
   391 | D:1      | Reached skill level 3 in Axes
   436 | D:1      | Reached XP level 2. HP: 22/24 MP: 2/2
   691 | D:2      | Reached skill level 4 in Axes
   901 | D:2      | Reached XP level 3. HP: 29/29 MP: 3/3
  1436 | D:2      | Reached skill level 5 in Axes
  1591 | D:2      | Noticed Jessica
  1594 | D:2      | Killed Jessica
  1594 | D:2      | Reached XP level 4. HP: 35/35 MP: 4/4
  1729 | D:2      | Found an ancient bone altar of Kikubaaqudgha.
  2136 | D:3      | Noticed a centaur
  2145 | D:3      | Killed a centaur
  2145 | D:3      | Reached skill level 6 in Axes
  2145 | D:3      | Reached XP level 5. HP: 2/41 MP: 5/5
  2477 | D:3      | Noticed a water elemental
  2516 | D:3      | Found a snail-covered altar of Cheibriados.
  2547 | D:3      | Reached skill level 7 in Axes
  2604 | D:3      | Became a worshipper of Cheibriados the Contemplative
  2732 | D:3      | Found a stormy altar of Qazlal.
  2758 | D:3      | Noticed a fire elemental
  2758 | D:3      | Noticed an air elemental
  3043 | D:4      | Found Cosk's Food Shop.
  3058 | D:4      | Found Xyafuow's Assorted Antiques.
  3086 | D:4      | Found Ubodon's Food Shoppe.
  3121 | D:4      | Reached XP level 6. HP: 40/47 MP: 6/6
  3174 | D:4      | Reached skill level 8 in Axes
  3594 | D:4      | Reached skill level 9 in Axes
  3738 | D:4      | Found a radiant altar of Vehumet.
  3832 | D:4      | Found a staircase to the Ecumenical Temple.
  3905 | D:4      | Noticed Sigmund
  3915 | D:4      | Killed Sigmund
  3915 | D:4      | Reached XP level 7. HP: 31/52 MP: 7/7
  4116 | D:4      | Found Tyfoij's Jewellery Boutique.
  4214 | D:4      | Found a deep blue altar of Sif Muna.
  4478 | D:4      | Found a white marble altar of Elyvilon.
  4492 | D:5      | Entered Level 5 of the Dungeon
  4492 | D:5      | Found an iron altar of Okawaru.
  4501 | D:5      | Found Ciav's Assorted Antiques.
  4563 | D:5      | Reached * piety under Cheibriados
  4579 | D:5      | Reached skill level 10 in Axes
  4844 | D:5      | Found a blossoming altar of Fedhas.
  5089 | D:5      | Reached skill level 11 in Axes
  5199 | D:5      | Reached XP level 8. HP: 58/58 MP: 8/8
  5873 | D:6      | Reached ** piety under Cheibriados
  5921 | D:6      | Reached skill level 12 in Axes
  6175 | D:6      | Reached skill level 13 in Axes
  6395 | D:6      | Found a bloodstained altar of Trog.
  6396 | D:6      | Noticed a wizard
  6400 | D:6      | Killed a wizard
  6579 | D:7      | Reached *** piety under Cheibriados
  6810 | D:7      | Reached skill level 1 in Invocations
  6840 | D:7      | Reached XP level 9. HP: 63/63 MP: 8/10
  7094 | D:7      | Found Vuddaiq's Assorted Antiques.
  7418 | D:8      | Found a sand-covered staircase.
  7427 | Ossuary  | Entered an ossuary
  7463 | Ossuary  | Noticed ereinion's ghost (novice NLWn)
  7469 | Ossuary  | Reached **** piety under Cheibriados
  7478 | Ossuary  | Killed ereinion's ghost
  7478 | Ossuary  | Reached skill level 14 in Axes
  7703 | D:8      | Found a hazy altar of Hepliaklqana.
  7835 | D:8      | Found a staircase to the Lair.
  7846 | D:8      | Reached skill level 5 in Invocations
  7850 | D:8      | Reached ***** piety under Cheibriados
  8028 | D:8      | Reached XP level 10. HP: 70/70 MP: 14/14
  8218 | D:8      | Reached skill level 15 in Axes
  8698 | D:9      | Noticed Psyche
  8704 | D:9      | Killed Psyche
  8713 | D:9      | Noticed a two-headed ogre
  8728 | D:9      | Demolished by a two-headed ogre

Skill      XL: |  1  2  3  4  5  6  7  8  9 10 |
---------------+-------------------------------+-----
Axes           | 3 4 5 6 7 9 11 13 14 15 | 15.3
Invocations    | 1 6 7 |  7.4
Fighting       | |  3.0
Armour         | |  3.6
Shields        | |  3.2

Action                   |  1- 3 |  4- 6 |  7- 9 | 10-12 || total
-------------------------+-------+-------+-------+-------++-------
Melee: War axe           |   125 |   149 |   386 |    57 ||   717
Invok: Bend Time         |       |       |     1 |       ||     1
       Step From Time    |       |       |       |     1 ||     1
Evoke: Wand              |       |       |       |     4 ||     4
  Use: Potion            |     2 |       |     1 |       ||     3
       Scroll            |       |       |    16 |       ||    16
 Stab: Distracted        |       |       |     1 |       ||     1
  Eat: Chunk             |     2 |     5 |     6 |     1 ||    14
Armor: Scale mail        |    72 |    55 |   116 |    17 ||   260
Dodge: Dodged            |    34 |    26 |    92 |     9 ||   161
Block: Shield            |    89 |    68 |   202 |    48 ||   407
